 Dungeon Sprint DCSS version 0.30-a0-996-ga6910c8ee8 (webtiles) character file.

Game seed: 17623440780415111857

283 rocky1 the Covert (level 6, -1/35 HPs)
             Began as a Gargoyle Brigand on Apr 5, 2023.
             Slain by Sonja
             ... wielding a +2 dagger of venom
              (7 damage)
             ... in the Dungeon (Sprint I: "Red Sonja").
             The game lasted 00:00:59 (204 turns).

rocky1 the Covert (Gargoyle Brigand)                 Turns: 204, Time: 00:01:00

Health: -1/35      AC:  7    Str: 15    XL:     6   Next: 28%
Magic:  6/6        EV: 11    Int: 11    God:
Gold:   327        SH:  0    Dex: 13    Spells: 5/5 levels left

rFire   . . .      SeeInvis .    a - +2 dagger
rCold   . . .      Faith    .    (no shield)
rNeg    + . .      Spirit   .    b - +0 robe
rPois   ∞          Reflect  .    (no helmet)
rElec   +          Rampage  .    c - +0 cloak
rCorr   .          NoTele   +    (no gloves)
Will    .....                    (no boots)
Stlth   +++++                    (no amulet)
HPRegen 0.25/turn                (no ring)
MPRegen 0.10/turn                (no ring)

@: no status effects
A: sickness immunity, AC +4, negative energy resistance 1, electricity
resistance, torment resistance 1, petrification resistance
a: no special abilities


You were in the Dungeon.
You visited 1 branch You collected 327 gold pieces.

Inventory:

Hand Weapons
 a - a +2 dagger (weapon)
Missiles
 d - 9 poisoned darts (quivered)
Armour
 b - a +0 robe (worn)
 c - a +0 cloak (worn)
Wands
 l - a wand of flame (12)
Scrolls
 k - 2 scrolls of blinking
Potions
 f - a potion of curing
 g - a potion of heal wounds
 h - a potion of haste
 i - 2 potions of magic
 j - a potion of berserk rage


   Skills:
 - Level 2.1 Fighting
 + Level 6.9 Short Blades
 - Level 1.7 Throwing
 - Level 0.7 Dodging
 * Level 12.9 Stealth


You had 5 spell levels left.
You didn't know any spells.
Your spell library was empty.

Dungeon Overview and Level Annotations

Branches:
Dungeon (1/1)

Altars:
Sif Muna
Vehumet
Wu Jian

Annotations:
D Sonja


Innate Abilities, Weirdness & Mutations

You are immune to sickness and miasma.
Your stone body is resilient. (AC +4)
You are immune to poison.
You resist negative energy. (rN+)
You are resistant to electric shocks. (rElec)
You are resistant to unholy torment.
You are immune to petrification.


Message History

Sonja shouts!
Sonja casts a spell.
Sonja blinks!
Sonja shouts, "Hah!
Missed me again!"
Sonja hits you with a +2 dagger of venom.
Sonja barely misses you.
Sonja hits you with a +2 dagger of venom.
There is an open door here.
You completely miss Sonja.
Sonja hits you with a +2 dagger of venom. x2
Sonja hits you but does no damage.
Unknown command.
Throw: 3 darts (curare)
Press: ? - help, Q - select action, (/) - cycle Shift-Dir - straight line, f - Sonja
Aim: Sonja, wielding a +2 dagger of venom, quivering curare-tipped darts and carrying a wand of iceblast (3) (2% to hit)
You throw a curare-tipped dart.
The curare-tipped dart completely misses Sonja.
Sonja hits you but does no damage. Sonja completely misses you.
Sonja hits you with a +2 dagger of venom.
Throw: 2 darts (curare)
Press: ? - help, Q - select action, (/) - cycle Shift-Dir - straight line, f/p - Sonja
Aim: Sonja, wielding a +2 dagger of venom, quivering curare-tipped darts and carrying a wand of iceblast (3) (2% to hit)
You throw a curare-tipped dart.
The curare-tipped dart closely misses Sonja.
Sonja hits you with a +2 dagger of venom.
* * * LOW HITPOINT WARNING * * *
Sonja completely misses you.
Sonja hits you with a +2 dagger of venom.
* * * LOW HITPOINT WARNING * * *
Sonja closely misses you. Sonja hits you but does no damage.
Sonja hits you with a +2 dagger of venom.
* * * LOW HITPOINT WARNING * * *
Throw: dart (curare)
Press: ? - help, Q - select action, (/) - cycle Shift-Dir - straight line, f/p - Sonja
Aim: Sonja, wielding a +2 dagger of venom, quivering curare-tipped darts and carrying a wand of iceblast (3) (2% to hit)
You throw a curare-tipped dart.
The curare-tipped dart barely misses Sonja.
Sonja closely misses you.
Sonja hits you with a +2 dagger of venom!
You die...

#<.#..'..#.)'..#
#..').#.)'..#..+
#..#####'#####'#
#..# #..#...#.#
#..# ####..##.#
#..# ##'#_.+
#⌠⌠# +.(._# ####
#_K#'# ##@#.#
#.### +$.$+
#$.$# ##.## #+#


You could see Sonja.

Vanquished Creatures
  Sigmund (D)
  An ogre (D)
  A jelly (D)
  Ijyb (D)
4 creatures vanquished.

Notes
Turn   | Place    | Note
-------+----------+-------------------------------------------
     0 | D        | rocky1 the Gargoyle Brigand began the quest for the Orb.
     0 | D        | Reached XP level 1. HP: 12/12 MP: 1/1
     2 | D        | Noticed Ijyb
     7 | D        | Killed Ijyb
     8 | D        | Reached skill level 7 in Stealth
     8 | D        | Reached XP level 2. HP: 15/17 MP: 2/2
     8 | D        | Reached XP level 3. HP: 18/21 MP: 3/3
   120 | D        | Noticed an ogre
   123 | D        | Killed an ogre
   124 | D        | Reached skill level 5 in Short Blades
   124 | D        | Reached skill level 9 in Stealth
   124 | D        | Reached XP level 4. HP: 26/26 MP: 4/4
   135 | D        | Noticed Sigmund
   138 | D        | Killed Sigmund
   139 | D        | Reached skill level 12 in Stealth
   139 | D        | Reached XP level 5. HP: 30/30 MP: 5/5
   139 | D        | Reached XP level 6. HP: 35/35 MP: 6/6
   152 | D        | Found an ornate altar of the Wu Jian Council.
   152 | D        | Found a shimmering blue altar of Sif Muna.
   154 | D        | Found a radiant altar of Vehumet.
   197 | D        | Noticed Sonja
   204 | D        | Slain by Sonja

Illustrated notes

Levels and vault maps discovered:
D:        dungeon_sprint_1 [red_sonja_temple_1, red_sonja_temple_small_1]

Skill      XL: |  1  2  3  4 |
---------------+-------------+-----
Short Blades   | 3 5 6 |  6.9
Stealth        | 7 9 12 | 12.9
Fighting       | |  2.1
Throwing       | |  1.7
Dodging        | |  0.7

Action                     |  1- 3 |  4- 6 || total
---------------------------+-------+-------++-------
  Melee: Dagger            |     3 |     3 ||     6
  Throw: Dart              |     2 |     3 ||     5
   Stab: Sleeping          |     1 |     2 ||     3
 Armour: Robe              |       |     3 ||     3
  Dodge: Dodged            |       |     5 ||     5

Table legend: (Time is in decaauts)
 A = Elapsed time spent in this place.
 B = Non-inter-level travel time spent in this place.
 C = Inter-level travel time spent in this place.
 D = Time resting spent in this place.
 E = Time spent auto-exploring this place.
 F = Levels seen in this place.
 G = Mean time per level.
                   A        B        C        D        E       F      G
               +--------+--------+--------+--------+--------+-----+--------+
         Total |    202 |    202 |      0 |    108 |      0 |   1 |  202.0 |
       Dungeon |    202 |    202 |      0 |    108 |      0 |   1 |  202.0 |
               +--------+--------+--------+--------+--------+-----+--------+

Top non-repeatable levels by time:
       D: 202 daAuts
